[Event "Early-Titled-Tuesday-Blitz-April-16-2024"]
[Site "Chess.com"]
[Date "2024.04.16"]
[Round "4"]
[White "Szparu"]
[Black "Oleksandr_Bortnyk"]
[Result "0-1"]
[WhiteElo "2828"]
[BlackElo "3042"]
[TimeControl "180+1"]
[EndTime "8:40:59 PDT"]
[Termination "Oleksandr_Bortnyk won by checkmate"]

1. e4 Nf6 2. e5 Nd5 3. d4 d6 4. Nf3 dxe5 5. Nxe5 c6 6. Be2 Bf5 7. O-O Nd7 8. Nf3 e6 9. c4 N5f6 10. Nc3 Bd6 11. Re1 O-O 12. Qb3 Rb8 13. h3 h6 14.
Be3 a6 15. Rad1 b5 16. c5 Bc7 17. Ne5 Nxe5 18. dxe5 Nd5 19. Nxd5 cxd5 20. Qc3 a5 21. Bd4 Qg5 22. Bf1 b4 23. Qe3 Qxe3 24. Rxe3 a4 25. g4 Be4 26. f3 Bc2 27. Rc1 b3 28. axb3 Bxb3 29. f4 Rb4 30. Rd3 Rc8 31. Kf2 Bb6 32.
Ke3 Ba7 33. f5 Bc4 34. Rdd1 Bxc5 35. Bxc4 dxc4 36. Bxc5 Rxc5 37. Kd4 Rcb5 38. Kc3 Rxb2 39. Rd8+ Kh7 40. Rd7 R2b3+ 41. Kxc4 R3b4+ 42. Kc3 Rb3+ 43. Kc4 Rxe5 44. fxe6 fxe6 45. Rf1 Re4+ 46. Kc5 Rc3+ 47. Kb5 Kg6 48. Rff7 Rb3+ 49. Kc5 Rc3+ 50. Kb5 Rxh3 51. Rxg7+ Kf6 52. Rdf7+ Ke5 53. g5 Rb3+ 54. Ka5 hxg5 55. Rxg5+ Kd6 56. Rf1 a3 57. Rd1+ Ke7 58. Rg7+ Kf6 59.
Rg2 Rb2 60. Rg3 a2 61. Ra1 e5 62. Ra3 Ree2 63. Ka6 Kf5 64. Rf1+ Ke6 65. Ra1 e4 66.
Ka5 Kf5 67. Rf1+ Ke5 68. Ra1 Kf4 69. Rf1+ Rf2 70. Re1 Rb1 71. Rxa2 Rxa2# 0-1

[Event "Early-Titled-Tuesday-Blitz-April-16-2024"]
[Site "Chess.com"]
[Date "2024.04.16"]
[Round "4"]
[White "FREDERICKtheMATE"]
[Black "wonderfultime"]
[Result "1/2-1/2"]
[WhiteElo "2692"]
[BlackElo "2988"]
[TimeControl "180+1"]
[EndTime "8:41:01 PDT"]
[Termination "Game drawn by repetition"]

1. d4 d5 2. c4 c6 3. Nc3 Nf6 4. e3 a6 5. Nf3 Bf5 6. Qb3 Ra7 7. c5 Nbd7 8. Na4 e6 9. Bd2 Ne4 10. Bd3 Be7 11. Qc2 Bg6 12. b4 O-O 13. Nc3 f5 14. a4 Bf6 15. O-O e5 16. Rab1 Bh5 17. dxe5 Nxe5 18.
Nd4 Qd7 19. f3 Nxd2 20. Qxd2 Nxd3 21. Qxd3 Raa8 22. Nce2 Rae8 23. b5 axb5 24. axb5 Bg6 25. bxc6 bxc6 26. Nf4 Re7 27. Rb6 Rc8 28. Rfb1 Qe8 29.
Kf2 Be5 30. Nxc6 Bxf4 31. Nxe7+ Qxe7 32. exf4 Qxc5+ 33. Kg3 d4 34. Rb8 h6 35. Rxc8+ Qxc8 36.
Qxd4 Kh7 37. Qe5 Qd7 38. Rc1 Qd8 39. Rc7 Qf8 40. h4 Bh5 41. Qe7 Qg8 42. Kh3 Bg6 43. Qe5 Qf8 44. Ra7 Bh5 45. g4 fxg4+ 46. fxg4 Bg6 47. f5 Bf7 48. Qe7 Qc8 49. Qxf7 Qc3+ 50.
Kg2 Qd2+ 51. Kf3 Qd3+ 52. Kf4 Qd4+ 53. Kg3 Qe3+ 54. Kg2 Qe2+ 55. Kg3 Qe3+ 56. Kg2 Qe2+ 57. Kg1 Qe1+ 58. Kg2 Qe2+ 1/2-1/2

[Event "Early-Titled-Tuesday-Blitz-April-16-2024"]
[Site "Chess.com"]
[Date "2024.04.16"]
[Round "4"]
[White "AsaHoffmann"]
[Black "sonicdravise"]
[Result "0-1"]
[WhiteElo "2399"]
[BlackElo "2595"]
[TimeControl "180+1"]
[EndTime "8:41:03 PDT"]
[Termination "sonicdravise won on time"]

1. d4 c5 2. d5 e5 3. Nc3 d6 4.
e4 Be7 5. Be3 Bg5 6. Qd2 Bxe3 7.
Qxe3 Nf6 8. f3 O-O 9. Bd3 a6 10. Nge2 b5 11. Ng3 c4 12. Be2 Nbd7 13. a3 Nc5 14.
O-O Bd7 15. f4 exf4 16. Rxf4 Qe7 17. Raf1 Ne8 18. Qd4 f6 19. Bg4 Qe5 20. Nge2 Bxg4 21. Rxg4 Nc7 22. Rf5 Qxd4+ 23. Nxd4 Rae8 24. Nc6 g6 25.
Rff4 Kg7 26. h4 h5 27. Rg3 Rf7 28. Re3 Na8 29. Kf2 Nb6 30. g4 hxg4 31. Rxg4 Kh6 32. Reg3 Rg7 33. Nd4 Ree7 34. Kf3 Nbd7 35. Kg2 Ne5 36. Rf4 Rgf7 37. Nf3 Nxf3 38. Rgxf3 Nd7 39. Ne2 Kg7 40. Nd4 Ne5 41. Ne6+ Kh6 42. Rg3 Rb7 43. Kf2 b4 44. a4 c3 45. b3 Rbe7 46. Ke3 Nd7 47. Kd4 Ne5 48. Ke3 a5 49. Nd4 Rb7 50. Kf2 Rbe7 51. h5 Kxh5 52. Nf5 gxf5 53. Rxf5+ Kh6 54. Rh3+ Kg7 55. Rfh5 Ng6 56. Rh6 Kg8 57.
Rxg6+ Rg7 58. Rgh6 Kf7 59. Kf3 Re5 60. Rh7 f5 61.
Rxg7+ Kxg7 62. exf5 Rxd5 63. Kf4 Rd2 64. Rd3 Rxd3 65. cxd3 c2 0-1

[Event "Early-Titled-Tuesday-Blitz-April-16-2024"]
[Site "Chess.com"]
[Date "2024.04.16"]
[Round "4"]
[White "Hercog"]
[Black "Road2GM3000"]
[Result "1-0"]
[WhiteElo "2119"]
[BlackElo "2441"]
[TimeControl "180+1"]
[EndTime "8:41:03 PDT"]
[Termination "Hercog won on time"]

1. d4 d5 2. c4 c6 3. Nc3 Nf6 4. e3 a6 5. Qc2 g6 6. Bd3 Bg7 7.
Nf3 O-O 8. O-O Bg4 9. Ne5 Be6 10.
Bd2 Nbd7 11. f4 Nxe5 12. fxe5 Nd7 13. cxd5 cxd5 14. Qb3 b5 15. a4 bxa4 16. Rxa4 Rb8 17. Qa2 Nb6 18. Rxa6 Nc4 19. Bc1 Bh6 20. Rf3 Ra8 21.
Rxa8 Qxa8 22. Qxa8 Rxa8 23. Bxc4 dxc4 24. d5 Bf5 25. Rf1 Bd3 26. Rd1 Ra1 27. Kf2 Bg7 28.
Bd2 Rxd1 29. Nxd1 Bxe5 30. h3 Be4 31. Nc3 Bd3 32. Kf3 Kf8 33. e4 Ke8 34. Be3 Kd7 35. Bc5 h5 36. g4 h4 37. Kf2 g5 38. Be3 f6 39. Bc5 Bxc3 40. bxc3 Bxe4 41. d6 exd6 42. Bd4 Ke6 43. Be3 Bc6 44. Bd4 Bd7 45. Be3 Kf7 46.
Bd2 Kg6 47. Be3 f5 48. gxf5+ Bxf5 49. Kg2 Be4+ 50. Kh2 Kf5 51. Bd4 Bc6 52. Bg7 Bd7 53. Bh8 Ke4 54. Bg7 Kd3 55. Bh8 d5 56. Bg7 Ke4 57. Bh8 Kf3 58. Bg7 Ke4 59. Bh8 Kf5 60. Bg7 Kg6 61. Bh8 Kh5 62. Bg7 Be6 63. Bh8 Bxh3 64.
Kxh3 g4+ 65. Kh2 Kg6 66. Bd4 Kf5 67. Bg7 Ke4 68. Bf6 Kd3 69. Kg2 Kd2 70. Kf2 Kd3 71.
Kg2 Kd2 72. Kf2 1-0

[Event "Early-Titled-Tuesday-Blitz-April-16-2024"]
[Site "Chess.com"]
[Date "2024.04.16"]
[Round "4"]
[White "Revan_2002"]
[Black "gurelediz"]
[Result "0-1"]
[WhiteElo "2712"]
[BlackElo "2953"]
[TimeControl "180+1"]
[EndTime "8:41:04 PDT"]
[Termination "gurelediz won by resignation"]

1. d4 Nf6 2. c4 e5 3. dxe5 Ng4 4. e3 Nxe5 5. Nc3 Nbc6 6. f4 Ng6 7. Bd3 Bc5 8. a3 a5 9. Qh5 d6 10. Nf3 O-O 11.
Ng5 h6 12. Nge4 Ba7 13. O-O Re8 14. f5 Nge5 15. Be2 f6 16. Kh1 Bd7 17. Bd2 Rf8 18.
Rad1 Ne7 19. Bc1 Qe8 20. Qxe8 Raxe8 21. Ng3 a4 22. e4 N7c6 23. Bh5 Rc8 24. Nb5 Bc5 25.
Be2 Na5 26. Nd4 Naxc4 27. Ne6 Bxe6 28. fxe6 Rfe8 29. Nh5 Rxe6 30. Nf4 Ree8 31. Nd5 c6 32. Nc3 b5 33. g3 Rcd8 34. Kg2 Be3 35. Kh3 Bxc1 36.
Rxc1 Nxb2 37. Bh5 Re7 38. Ne2 Nbc4 39. Nd4 Nxa3 40. Nf5 Rc7 41. Be2 Nac4 42. Nd4 a3 43. Ne6 Rcd7 44. Nxd8 Rxd8 45. Rc2 d5 46. exd5 cxd5 47.
Rb1 d4 48. Rxb5 d3 49. Bxd3 Rxd3 50. Rb8+ Kh7 51. Ra8 h5 52. Re2 Ne3 53. Ra2 N5c4 54. Ra1 Rd2 55. g4 hxg4+ 56. Kg3 Kg6 57. h4 gxh3 58.
Kxh3 Nf5 59. Ra6 Rd3+ 60. Kh2 Rd2+ 61. Kh1 Nd4 62. Rg1+ Kf5 63. Rf1+ Ke4 64. Ra8 Nf3 65. Re8+ Nce5 66. Rh8 a2 67. Ra1 Rb2 68. Rh5 Rb1+ 69. Kg2 Rxa1 0-1

[Event "Early-Titled-Tuesday-Blitz-April-16-2024"]
[Site "Chess.com"]
[Date "2024.04.16"]
[Round "4"]
[White "N_I_Chess"]
[Black "cristiano78"]
[Result "0-1"]
[WhiteElo "2388"]
[BlackElo "2259"]
[TimeControl "180+1"]
[EndTime "8:41:05 PDT"]
[Termination "cristiano78 won by resignation"]

1. d4 Nf6 2. c4 g6 3. Nc3 Bg7 4.
e4 d6 5. f4 O-O 6. Nf3 e5 7. fxe5 dxe5 8. d5 Nbd7 9. Bd3 Nc5 10. Bc2 a5 11. Be3 b6 12. O-O Ng4 13.
Bc1 f5 14. h3 fxe4 15. Nxe4 Nf6 16. Nxc5 bxc5 17. Nxe5 Nxd5 18. Nc6 Rxf1+ 19. Qxf1 Qh4 20. cxd5 Ba6 21. Qf2 Qc4 22. Bg5 Rf8 23. Qd2 Bxb2 24. Re1 Bc3 25. Qe2 Qxe2 26. Rxe2 Bxe2 27. Bh4 Bd4+ 28. Kh2 Bc4 29. Be4 Bxa2 30. Bg3 Re8 31. Bf3 a4 32. Bxc7 Bf6 33. d6 Be6 34. Nb4 a3 35. Bc6 Rf8 36. d7 a2 37. Nxa2 Bxa2 38. Bd6 Rd8 39. Bc7 Rxd7 40. Bxd7 Bd5 41. Bg4 c4 42. Bd1 c3 43. Bc2 Kf7 44. Kg3 Ke6 45.
Kf2 Bd4+ 46. Ke2 Bxg2 47. h4 Bh3 48. Bg3 Bf5 49. Bb3+ Kf6 50. Bf4 Be5 51. Bg5+ Kg7 52. Kf3 h6 53. Be3 c2 54. Ke2 Bb2 55. Bxc2 Bxc2 56. Kf3 Bf5 57. Kg3 Bf6 58. Bf4 g5 59. Be3 gxh4+ 60. Kh2 Kg6 61. Bf2 Bg5 62. Be1 Kh5 63.
Bf2 Kg4 64. Bc5 Bf4+ 65. Kg1 Bg3 66. Bf2 Be4 67. Be3 h3 68. Bd4 h2+ 69. Kf1 h1=Q+ 70. Ke2 Qf3+ 0-1

[Event "Early-Titled-Tuesday-Blitz-April-16-2024"]
[Site "Chess.com"]
[Date "2024.04.16"]
[Round "4"]
[White "Kotofeyca"]
[Black "familijatop71"]
[Result "0-1"]
[WhiteElo "2492"]
[BlackElo "2318"]
[TimeControl "180+1"]
[EndTime "8:41:09 PDT"]
[Termination "familijatop71 won on time"]

1. d4 d5 2. c4 e6 3. Nc3 Nf6 4. cxd5 exd5 5. Bg5 c6 6. Qc2 Be7 7. e3 h6 8. Bh4 O-O 9. Bd3 Re8 10. Nf3 Nbd7 11. O-O Ne4 12. Bxe4 dxe4 13. Qxe4 Bxh4 14.
Qxh4 Nf6 15. Rfd1 Qb6 16. Rd2 Bf5 17. Rad1 a5 18. Ne5 a4 19. g4 Be6 20. g5 hxg5 21. Qxg5 a3 22. b3 Qb4 23. Rc1 Nd5 24. Rdc2 Nxc3 25.
Rxc3 f6 26. Qg3 fxe5 27. Qxe5 Bd5 28. Qg3 Re6 29. f3 Rae8 30. Qg5 Bxf3 31. Kf2 Bd5 32. Rg1 Qe7 33. Qg3 Rf6+ 34. Ke1 Be4 35. Kd2 Rg6 36. Qf2 Rxg1 37. Qxg1 Rf8 38. Rc5 Qf6 39.
Rg5 Qf2+ 40. Kc3 Qxg1 41. Rxg1 Rf2 42. Rg4 Bf5 43. Rf4 Rxf4 44. exf4 b6 45. Kb4 Kf7 46. Kxa3 Ke6 47. Kb4 Kd5 48. Kc3 c5 49. dxc5 bxc5 50.
a4 Bc8 51. b4 cxb4+ 52. Kxb4 Ke4 53. Kc5 Kxf4 54. Kd6 g5 55. a5 Kg4 56. Ke5 Ba6 57. Kf6 Kh4 58. Kg6 g4 59. Kf5 Kh3 60. Kf4 Bb7 61.
Kg5 Bc8 62. Kf4 Kxh2 63. a6 Kh3 64. a7 Bb7 65. Ke5 g3 66. Kd6 g2 67. Kc7 Bf3 68. a8=Q Bxa8 0-1

[Event "Early-Titled-Tuesday-Blitz-April-16-2024"]
[Site "Chess.com"]
[Date "2024.04.16"]
[Round "4"]
[White "bascheyaro"]
[Black "lefonghua"]
[Result "0-1"]
[WhiteElo "2826"]
[BlackElo "2594"]
[TimeControl "180+1"]
[EndTime "8:41:12 PDT"]
[Termination "lefonghua won by checkmate"]

1. d4 Nf6 2. Nf3 g6 3. Bf4 Bg7 4. e3 d6 5. h3 O-O 6. Be2 b6 7.
O-O c5 8. a4 a6 9. Na3 Bb7 10.
c3 Nbd7 11. Nc4 Bc6 12. Nfd2 b5 13. axb5 axb5 14. Na3 Qb6 15. Bf3 Qb7 16. Bg3 Rab8 17.
b4 cxb4 18. cxb4 Ne4 19. Qc2 Ndf6 20. Rfc1 Rfc8 21. Nxe4 Bxe4 22. Bxe4 Nxe4 23. Qd3 Nxg3 24. fxg3 Rxc1+ 25. Rxc1 Qd5 26. Rd1 f5 27. Kh2 h5 28.
h4 Bh6 29. Re1 e5 30. Rd1 e4 31. Qc3 Ra8 32. Rd2 Bf8 33. Rc2 Ra4 34. Kg1 Be7 35. Kf2 Kf7 36. Rb2 Ra6 37. Qb3 Qxb3 38. Rxb3 Rb6 39.
d5 Bf6 40. Rb1 Be5 41. Rc1 Ke7 42. Rc7+ Kd8 43. Rc6 Rxc6 44. dxc6 Kc7 45. Nxb5+ Kxc6 46. Na3 Bc3 47. b5+ Kc5 48. Ke2 Bb4 49. Nc2 Bc3 50. Na3 d5 51. Kf2 Bb2 52. Nc2 Kxb5 53. Ke2 Kc4 54.
g4 hxg4 55. g3 Be5 56. Kf2 d4 57. exd4 Bxd4+ 58. Ke2 Bc5 59. Ne1 Kc3 60. Ng2 Bd6 61. Kf2 Kd3 62. h5 gxh5 63. Nh4 e3+ 64. Kg2 e2 65. Kf2 Bc5+ 66. Ke1 Bb4+ 67. Kf2 e1=Q+ 68. Kg2 Qe2+ 69. Kh1 Ke4 70. Nxf5 Kxf5 71. Kg1 Ke4 72. Kh1 Kf3 73. Kg1 Qg2# 0-1

[Event "Early-Titled-Tuesday-Blitz-April-16-2024"]
[Site "Chess.com"]
[Date "2024.04.16"]
[Round "4"]
[White "FARIZA2018"]
[Black "dealshark"]
[Result "1-0"]
[WhiteElo "2540"]
[BlackElo "2343"]
[TimeControl "180+1"]
[EndTime "8:41:12 PDT"]
[Termination "FARIZA2018 won by checkmate"]

1. e4 c5 2. Nf3 Nc6 3. d4 cxd4 4.
Nxd4 Nf6 5. Nc3 e5 6. Ndb5 d6 7. Bg5 a6 8. Na3 b5 9. Nd5 Be7 10. Bxf6 Bxf6 11. c4 b4 12. Nc2 Rb8 13. b3 O-O 14. g3 Bg5 15. Bg2 Be6 16. O-O Ne7 17. Nde3 f5 18. exf5 Nxf5 19. Bd5 Bxd5 20. Qxd5+ Kh8 21.
Nxf5 Rxf5 22. Rad1 Be7 23. Ne3 Rf8 24. Qe4 Qc8 25.
Kg2 Qe6 26. Nd5 Rbd8 27. f4 Bf6 28.
f5 Qf7 29. Rd3 Bg5 30. Rdf3 Qh5 31. h4 Bh6 32. f6 gxf6 33. Rxf6 Rg8 34. Rf7 Qg6 35.
Qxg6 Rxg6 36. Nf6 Rg7 37. Ne4 Rdg8 38. Rxg7 Rxg7 39. Rf8+ Rg8 40. Rxg8+ Kxg8 41. Nxd6 Kf8 42. Kf3 Bd2 43. Ke4 Ke7 44. Kxe5 Be1 45. Nf5+ Kf7 46. h5 Bc3+ 47. Kf4 Kf6 48. g4 Bd2+ 49. Kf3 Ke5 50. h6 Bc1 51. Kg3 Ke4 52. Kh4 Kd3 53.
c5 Kc2 54. Kg3 Bb2 55. Kf4 Kb1 56. c6 Bc1+ 57. Ke4 Kxa2 58. c7 Kxb3 59. c8=Q Bb2 60.
Qe6+ Ka3 61. Qxa6+ Kb3 62. Kd3 Bc3 63. Ne3 Kb2 64.
Nd1+ Kc1 65. Qa4 Kb1 66. Qb3+ Ka1 67. Ne3 Bb2 68. Ke2 Kb1 69. Nc4 Ka1 70. Qxb2# 1-0

[Event "Early-Titled-Tuesday-Blitz-April-16-2024"]
[Site "Chess.com"]
[Date "2024.04.16"]
[Round "4"]
[White "VacheH009"]
[Black "Hui_Li_Macau"]
[Result "0-1"]
[WhiteElo "2634"]
[BlackElo "2414"]
[TimeControl "180+1"]
[EndTime "8:41:14 PDT"]
[Termination "Hui_Li_Macau won by resignation"]

1. c4 e6 2. Nc3 d5 3. d4 Nf6 4. Nf3 Be7 5. Bf4 O-O 6. e3 c5 7.
dxc5 Bxc5 8. cxd5 Nxd5 9. Nxd5 exd5 10. a3 Nc6 11. Bd3 Bd6 12. Bxd6 Qxd6 13. O-O Bg4 14. Bxh7+ Kh8 15. Bd3 Qf6 16. h3 Bxf3 17. Qxf3 Qxf3 18.
gxf3 d4 19. Be4 dxe3 20. fxe3 Rad8 21. Rac1 Rd2 22. Rf2 Rfd8 23. Bxc6 bxc6 24. Rxc6 Rxf2 25. Kxf2 Rd2+ 26. Kg3 Rxb2 27. Rc7 Rb3 28. a4 Rxe3 29. Rxf7 a6 30. Rf5 Kh7 31. a5 Ra3 32. Rc5 g6 33. Kg4 Kh6 34. Kf4 Ra4+ 35. Ke5 Ra3 36. f4 Rxh3 37. Rc6 Rh5+ 38. Kf6 Rxa5 39. Kf7 Rf5+ 40.
Ke6 a5 41. Rc4 Kh5 42. Ra4 Kg4 43. Kd6 Rxf4 44. Rxa5 g5 45. Ra1 Rf8 46. Ke5 Kh5 47. Ke4 g4 48. Rh1+ Kg5 49. Ke3 Rf7 50. Rg1 Kh4 51.
Rh1+ Kg3 52. Rg1+ Kh3 53. Rh1+ Kg2 54. Rh8 g3 55. Rg8 Kh2 56. Rh8+ Kg1 57. Ke2 g2 58.
Rg8 Rf6 59. Rg7 Re6+ 60. Kd2 Kf2 61. Rf7+ Kg1 62. Rg7 Rh6 63. Ke2 Kh1 64. Kf2 Rf6+ 65. Ke2 g1=Q 0-1

[Event "Early-Titled-Tuesday-Blitz-April-16-2024"]
[Site "Chess.com"]
[Date "2024.04.16"]
[Round "4"]
[White "KubaGepard"]
[Black "alexrustemov"]
[Result "1/2-1/2"]
[WhiteElo "2591"]
[BlackElo "2839"]
[TimeControl "180+1"]
[EndTime "8:41:16 PDT"]
[Termination "Game drawn by stalemate"]

1. d4 g6 2. Nf3 Bg7 3. g3 c5 4. Bg2 cxd4 5. Nxd4 Nc6 6. Nb3 Nf6 7. c4 d6 8. Nc3 Be6 9. c5 d5 10. O-O O-O 11. Be3 Qd7 12. Nd4 Bh3 13. Nxc6 bxc6 14.
Bd4 Bxg2 15. Kxg2 Rfe8 16. Bxf6 Bxf6 17. e4 Rab8 18. exd5 Bxc3 19. bxc3 cxd5 20. Qf3 Rbc8 21. Rad1 Rxc5 22. c4 d4 23. Rfe1 e5 24. Re4 f5 25.
Ree1 Rxc4 26. Qb3 Qd5+ 27. Kg1 Rc5 28. Rxd4 Qxb3 29. axb3 Re7 30. Ra4 Kf7 31. Rea1 Rcc7 32. Ra6 Rb7 33. R1a3 Red7 34. Kg2 e4 35. h4 Kg7 36.
R3a5 Rf7 37. b4 Kh6 38. b5 Rfd7 39. Ra2 Kh5 40. R6a4 h6 41. Ra6 Rxb5 42. Rxa7 Rxa7 43. Rxa7 Rb2 44. Re7 Kg4 45. Re6 g5 46. hxg5 hxg5 47. Re8 Re2 48. Re7 Ra2 49. Re8 Ra6 50. Re7 Rf6 51.
Re8 Kh5 52. Rh8+ Kg6 53. Re8 Kf7 54. Ra8 Re6 55. Ra7+ Kf6 56. Ra3 Rc6 57. Rb3 Ke5 58. Rb5+ Kf6 59. Rb3 Rd6 60. Ra3 Ke5 61. Ra5+ Rd5 62.
Ra8 Rd2 63. Re8+ Kf6 64. g4 Rd5 65. gxf5 Kxf5 66. Kg3 Rd3+ 67. Kg2 Rf3 68. Rf8+ Kg4 69. Re8 Rf4 70. Re7 Kf5 71. Re8 Kf6 72. Kg3 Rf3+ 73.
Kg2 Kf5 74. Rf8+ Kg4 75. Re8 Rf4 76. Rxe4 Rxe4 77. f3+ Kf4 78. fxe4 Kxe4 79. Kg3 Kf5 80. Kf3 g4+ 81. Kg3 Kg5 82. Kg2 Kf4 83. Kf2 g3+ 84. Kg2 Kg4 85. Kg1 Kf3 86. Kf1 g2+ 87. Kg1 Kg3 1/2-1/2

[Event "Early-Titled-Tuesday-Blitz-April-16-2024"]
[Site "Chess.com"]
[Date "2024.04.16"]
[Round "4"]
[White "Yeritsyaan"]
[Black "zverr1"]
[Result "1/2-1/2"]
[WhiteElo "2656"]
[BlackElo "2513"]
[TimeControl "180+1"]
[EndTime "8:41:17 PDT"]
[Termination "Game drawn - insufficient material"]

1. c4 c5 2. Nc3 Nc6 3. e4 g6 4. d3 Bg7 5. Be3 d6 6. g3 e5 7. Bg2 Nge7 8. f4 O-O 9. Nf3 Nd4 10.
O-O Nec6 11. Nd5 Nxf3+ 12. Bxf3 f5 13. Qd2 Nd4 14. Bg2 Be6 15. Rab1 Qd7 16. b4 cxb4 17. Rxb4 b6 18. a4 Rab8 19. Rfb1 Kh8 20. a5 Nc6 21.
Rb5 Nxa5 22. fxe5 Bxe5 23. Nf4 Bg7 24. Nxe6 Qxe6 25. exf5 Rxf5 26. Rxa5 Rxa5 27. Bf2 Rf8 28. Be4 Re5 29. Bd4 Rxe4 30. Bxg7+ Kxg7 31. dxe4 Qxe4 32. Re1 Qf3 33. Qd4+ Qf6 34. Qe3 Rf7 35. Rd1 Re7 36.
Qd3 Re6 37. Rf1 Qe5 38. Rf2 Qe1+ 39. Kg2 Qe4+ 40. Rf3 Qxd3 41. Rxd3 Kf7 42. Kf3 Ke7 43. Ra3 a5 44. Rb3 d5 45. cxd5 Rd6 46. Ke4 Kf6 47. Rf3+ Ke7 48. Rb3 Kf6 49. h4 h5 50. Kd4 Kf5 51.
Rf3+ Kg4 52. Ra3 b5 53. Ke5 Rd8 54. Rxa5 Kxg3 55. Rxb5 Kxh4 56. d6 g5 57. Rb1 Kg3 58.
Rb3+ Kg2 59. Kf5 Rxd6 60. Kxg5 Rd5+ 61. Kh4 Kh2 62. Rb2+ Kg1 63. Kg3 Rd3+ 64. Kh4 Rd5 65. Rc2 Kf1 66. Ra2 Ke1 67. Kg3 Kd1 68. Kh3 Kc1 69. Rg2 Kb1 70. Rf2 Ka1 71. Rg2 Kb1 72. Rf2 Ka1 73. Rg2 Rd3+ 74. Kh4 Rb3 75. Kxh5 Rb2 76.
Rxb2 Kxb2 1/2-1/2

[Event "Early-Titled-Tuesday-Blitz-April-16-2024"]
[Site "Chess.com"]
[Date "2024.04.16"]
[Round "4"]
[White "frederiksvane"]
[Black "Kirill_Klukin"]
[Result "1-0"]
[WhiteElo "3048"]
[BlackElo "2833"]
[TimeControl "180+1"]
[EndTime "8:41:18 PDT"]
[Termination "frederiksvane won by resignation"]

1. e4 e6 2. d4 d5 3. Nd2 c5 4. exd5 Qxd5 5. Ngf3 cxd4 6. Bc4 Qd6 7. O-O Nf6 8. Nb3 Nc6 9. Nbxd4 Nxd4 10. Nxd4 Be7 11.
c3 O-O 12. Qf3 Qc7 13. Bb3 a5 14. a4 Bd7 15. Re1 Rfd8 16. Bf4 Bd6 17. Bxd6 Qxd6 18. Qe3 Ng4 19. Qg3 Qxg3 20. hxg3 Nf6 21. Re5 Bc6 22. f3 Bd5 23. Bc2 Rac8 24. Kf2 h6 25. g4 Nd7 26.
Re3 Nb6 27. Re2 Bc4 28. Re5 Bd5 29. Bd3 Bc4 30. Be4 Bd5 31. Bxd5 Rxd5 32. Rxd5 Nxd5 33.
g3 Kf8 34. Nc2 Nb6 35. Nd4 Rc4 36. Ra3 Nd7 37. Nb3 b6 38. Ra1 Ke7 39. Ke2 Nc5 40. Nxc5 Rxc5 41. Rd1 Rc4 42. Ra1 Rc5 43. Ke3 Kd6 44.
Rd1+ Kc7 45. Rd4 Re5+ 46. Re4 Rd5 47. Rf4 f6 48. Rc4+ Kd6 49. Rc8 Rc5 50. Rd8+ Ke7 51. Rb8 Rc6 52. Kd4 g5 53. Rb7+ Kd6 54. Rh7 e5+ 55.
Ke4 Ke6 56. Kd3 Rd6+ 57. Ke3 Rc6 58. Rh8 Kd5 59. Kd3 Kc5 60. Rd8 b5 61. axb5 Kxb5 62.
Rd5+ Ka4 63. Kc2 Rb6 64. b3+ Rxb3 65. Rxa5+ Kxa5 66. Kxb3 Kb5 67. c4+ Kc6 68. Kb4 Kd6 69. c5+ Kc6 70. Kc4 Kc7 71. Kd5 Kd7 72. c6+ Ke7 73. Kc5 h5 74. gxh5 g4 75. fxg4 1-0

[Event "Early-Titled-Tuesday-Blitz-April-16-2024"]
[Site "Chess.com"]
[Date "2024.04.16"]
[Round "4"]
[White "Shahdad2007"]
[Black "Daaksboy"]
[Result "0-1"]
[WhiteElo "2601"]
[BlackElo "2242"]
[TimeControl "180+1"]
[EndTime "8:41:18 PDT"]
[Termination "Daaksboy won on time"]

1. Nf3 Nf6 2. c4 g6 3. g3 Bg7 4. Bg2 O-O 5. O-O d6 6. d4 c5 7. Nc3 Nc6 8. e4 cxd4 9. Nxd4 Nxe4 10. Nxc6 Nxc3 11. Qc2 Bf5 12. Nxd8 Bxc2 13. Nxb7 Ne2+ 14. Kh1 Rab8 15. Re1 Bd3 16. Na5 Nxc1 17. Raxc1 Bxb2 18. Rcd1 Bc3 19. Nc6 Bxe1 20. Nxb8 Rxb8 21. Rxd3 Rb1 22. Kg1 Rb2 23. Kf1 Bxf2 24. Bd5 e6 25. Bc6 Bc5 26. h4 Rxa2 27. h5 Rf2+ 28. Ke1 gxh5 29. Rxd6 Bxd6 30. Kxf2 Kg7 31. Be4 f5 32. Bc2 Kg6 33. Kf3 Kg5 34. Ba4 h4 35. gxh4+ Kxh4 36. Bd7 a5 37. Bxe6 Kg5 38.
Bd7 h5 39. Kg2 Kg4 40. Kf2 h4 41. Kg2 h3+ 42. Kh1 Kg5 43. Kg1 Kf6 44. Kh1 Ke7 45.
Bxf5 a4 46. Bc2 a3 47. Bb3 Kf6 48. c5 Bc7 49. c6 Kf5 50. Ba2 Ke4 51. Be6 Kd4 52.
Ba2 Kc3 53. Bg8 Kb4 54. Ba2 Kc5 55. Bg8 Kxc6 56. Ba2 Kc5 57. Bg8 Kb4 58. Ba2 Kc3 59. Bg8 Kb2 60. Be6 Be5 61. Bf7 Kc3 62. Be6 Kd2 63.
Ba2 Ke3 64. Bg8 Kd4 65. Ba2 Kc5 66. Bg8 Kd6 67. Ba2 Kc5 68. Bg8 Kb4 69. Ba2 Kc3 70.
Bg8 Kb2 71. Bf7 Bb8 0-1

[Event "Early-Titled-Tuesday-Blitz-April-16-2024"]
[Site "Chess.com"]
[Date "2024.04.16"]
[Round "4"]
[White "Root_21"]
[Black "Ramil_Faizrakhmanov"]
[Result "1/2-1/2"]
[WhiteElo "2626"]
[BlackElo "2895"]
[TimeControl "180+1"]
[EndTime "8:41:21 PDT"]
[Termination "Game drawn by stalemate"]

1. e4 c6 2. d4 d5 3. Nc3 dxe4 4. Nxe4 Bf5 5. Qf3 e6 6. Ne2 Nd7 7. N2g3 Bg6 8. Bd3 Ngf6 9. h4 Nxe4 10. Nxe4 h5 11. Bf4 Nf6 12. Be5 Be7 13. Nxf6+ gxf6 14. Bg3 Qxd4 15. O-O-O Qd5 16. Bxg6 Qxf3 17. Bxf7+ Kxf7 18.
gxf3 Rad8 19. Rde1 Rd5 20. Re2 Re8 21. Rhe1 Bc5 22. c3 Rf5 23. Rd1 Rxf3 24. Rd7+ Re7 25. Rd8 e5 26. Rh8 Kg6 27. Kc2 Bd6 28. Rd2 Bc7 29.
Rg8+ Kh7 30. Rc8 f5 31. Rxc7 Rxc7 32. Bxe5 Re7 33. Bf6 Rf7 34. Bg5 Rh3 35. f4 Re3 36. Rd6 Kg7 37. a4 a5 38. Kb3 Re2 39. Bh6+ Kg8 40. Bg5 Re4 41. Rd8+ Kg7 42. Rd6 Rc7 43. Bd8 Rc8 44. Bg5 b5 45. axb5 cxb5 46. Rd5 a4+ 47. Ka3 Rb8 48. Rxf5 b4+ 49. cxb4 Rbxb4 50. Ra5 Rb3+ 51.
Ka2 Re2 52. Ra7+ Kg6 53. Ra6+ Kf5 54. Bf6 Rb4 55. Bc3 Rxf4 56. Ka3 Kg4 57. Bf6 Re3+ 58. Ka2 a3 59. Bg5 axb2 60. Bxf4 Kxf4 61. Kxb2 Kg3 62. Ra4 Rf3 63. Kc2 Rf4 64. Rxf4 Kxf4 65. Kd2 Kg3 66. Ke2 Kxh4 67. Kf1 Kg3 68. Kg1 h4 69. Kh1 h3 70.
Kg1 h2+ 71. Kh1 Kh3 1/2-1/2

[Event "Early-Titled-Tuesday-Blitz-April-16-2024"]
[Site "Chess.com"]
[Date "2024.04.16"]
[Round "4"]
[White "Korchmar_Vasiliy"]
[Black "ViratKohl_i"]
[Result "1-0"]
[WhiteElo "2710"]
[BlackElo "2531"]
[TimeControl "180+1"]
[EndTime "8:41:22 PDT"]
[Termination "Korchmar_Vasiliy won by resignation"]

1. e4 e5 2. Nf3 Nc6 3. Nc3 Nf6 4. Bb5 Bb4 5. O-O O-O 6. d3 Bxc3 7. bxc3 d6 8. Bg5 Qe7 9. Nd2 h6 10. Bh4 g5 11. Bg3 a6 12. Bxc6 bxc6 13. Re1 Kg7 14. d4 Bg4 15. f3 Bc8 16. Nc4 Nd7 17. Ne3 Kh7 18. Rb1 Rg8 19. Qd3 Nf6 20. Qc4 Qe8 21. Qa4 Nh5 22. Qa5 Qe7 23. dxe5 Nxg3 24. hxg3 Qxe5 25.
Qxc7 Be6 26. Kh2 Rac8 27. Qa7 Qxc3 28. Qxa6 Ra8 29. Qd3 Qc5 30. e5+ Kg7 31. exd6 Ra3 32. Qd2 Rd8 33. Rbd1 Rxa2 34. g4 Ra7 35. Qd4+ Qxd4 36. Rxd4 Kf6 37. Red1 Rad7 38. c4 c5 39. R4d2 Ke5 40. Re1 Kf6 41. Nd5+ Kg7 42. Ne3 Rxd6 43.
Rxd6 Rxd6 44. Kg3 Rd4 45. Rb1 Kf6 46. Rb6 Ke7 47. Rc6 Rd3 48. Kf2 Rd2+ 49. Kg3 Re2 50. Nf5+ Bxf5 51. gxf5 Re5 52. f6+ Kd7 53. Ra6 Re2 54.
Kg4 Rxg2+ 55. Kf5 h5 56. Ra7+ Ke8 57. Ra8+ Kd7 58. Rf8 h4 59. Rxf7+ Ke8 60. Rh7 Rf2 61. Kg6 Rxf3 62. Rh8+ Kd7 63. f7 h3 64. f8=Q Rxf8 65. Rxf8 g4 66. Rh8 Ke6 67. Kg5 Ke5 68.
Kxg4 Kd4 69. Rxh3 Kxc4 70. Kf3 Kb3 71. Ke2+ Kb2 72. Kd1 c4 73. Kd2 c3+ 74. Rxc3 1-0

[Event "Early-Titled-Tuesday-Blitz-April-16-2024"]
[Site "Chess.com"]
[Date "2024.04.16"]
[Round "4"]
[White "WoolworthsManly"]
[Black "Artemiki"]
[Result "1/2-1/2"]
[WhiteElo "2674"]
[BlackElo "2430"]
[TimeControl "180+1"]
[EndTime "8:41:24 PDT"]
[Termination "Game drawn by agreement"]

1. e4 c5 2. Nf3 e6 3. d4 cxd4 4. Nxd4 Nc6 5. Nc3 Qc7 6. Ncb5 Qb8 7. Bd3 Nxd4 8. Nxd4 Bc5 9. Nb3 Bb6 10. Qg4 Qe5 11. c3 Nf6 12. Qe2 Qb8 13. e5 Nd5 14. Bd2 a5 15.
Nd4 a4 16. Nb5 O-O 17. c4 Ne7 18. Bb4 Ba5 19. Bxa5 Rxa5 20. f4 b6 21. O-O Ba6 22. Nd6 f5 23. b4 axb3 24. axb3 Nc8 25. Nxc8 Rxc8 26. b4 Rxa1 27. Rxa1 Bb7 28. Qe3 Qc7 29. Be2 h6 30. h3 Ra8 31. Rxa8+ Bxa8 32. Kh2 Bc6 33. Qd4 Qb7 34. Bf1 Qc7 35. g4 g6 36.
gxf5 gxf5 37. Qg1+ Kh7 38. Be2 Qd8 39. Bh5 Qg8 40. Qg3 Qg7 41. Qxg7+ Kxg7 42. Kg3 Kf8 43. Kf2 Ke7 44. Ke3 d6 45. Kd4 b5 46. c5 d5 47.
Be2 Kf8 48. Bh5 Ke7 49. Ke3 Kf8 50. Kf2 Ke7 51. Kg3 Kf8 52. Kh4 Kg7 53. Be2 Bd7 54. c6 Bxc6 55. Kg3 Kf8 56. Kf3 d4+ 57. Kf2 Ke7 58. Ke1 Kd7 59. Kd2 Be4 60. Bxb5+ Kc7 61. Bc4 Kb6 62. Bxe6 Kb5 63. Bf7 Kxb4 64. e6 Bd5 65.
Bg8 Bc6 66. e7 Be8 67. Be6 Kc5 68. Bxf5 Kd6 69. Kd3 Kxe7 70. Kxd4 Kf6 71. Bc8 Bg6 72. Ke3 Bc2 73. Kf3 Bg6 74. Kg4 Bf7 75. Bb7 Be6+ 76. Kh4 Bf7 77. Be4 Be8 78. Bf3 Bf7 79. Bg4 Be8 80.
Bh5 Bd7 81. Kg3 Bf5 82. Bg4 Bg6 83. Kh4 Bf7 1/2-1/2